[Event "Silves Open 2025"]
[Site "Fissul"]
[Date "2025.03.05"]
[Round "7.8"]
[White "Milat, Marcel"]
[Black "Kuegel, Tobias"]
[Result "1-0"]
[Annotator "TA"]
[ECO "E94"]
[WhiteElo "2190"]
[BlackElo "2423"]
[PlyCount "85"]
[EventDate "2025.03.03"]
[EventType "swiss"]
[EventCountry "POR"]
[SourceTitle "playchess.com"]
[Source "ChessBase"]
[SourceQuality "1"]
[TimeControl "5400+30"]

1. d4 Nf6 2. c4 g6 3. Nc3 Bg7 4. e4 d6 5. Nf3 O-O 6. Be2 e5 7. O-O exd4 8. Nxd4 Re8 9. f3 c6 10. Kh1 Nbd7 11. Nc2 Nb6 {[%emt 0:02:46] E94: King's Indian: Classical: 6 Be2 e5 7 0-0: Various Black 7th moves.} 12. Bg5 h6 13. Bh4 Be6 {[%emt 0:00:05] White is slightly better.} 14. Ne3 g5 $1 15. Bf2 d5 16. cxd5 cxd5 {[%emt 0:00:37] [#] ...d4 is the strong threat.} 17. Nf5 (17. Bb5 d4 18. Bxe8 Nxe8 $17) 17... Bxf5 18. exf5 Nc4 19. Bxc4 dxc4 20. Qa4 Qc7 21. Rfe1 ({White should play} 21. b3 $11) 21... a6 $146 (21... Rxe1+ 22. Rxe1 a6 23. Bg3 Qc5 24. Qc2 b5 25. h4 g4 26. fxg4 Qd4 27. g5 Qg4 28. gxf6 Qxg3 29. Qe4 Bf8 30. Re3 {1-0 Hrbolka,L-Ac,M (2220) Bratislava Slovan op 1989 (10.12)}) 22. Rxe8+ Rxe8 23. Rd1 Qc8 24. Bb6 h5 25. Kg1 h4 26. h3 Bf8 27. Kh1 (27. Nd5 $11 Nxd5 (27... Qxf5 28. Nxf6+ Qxf6 29. Qxe8 $16) 28. Rxd5) 27... Nh5 (27... Qxf5 28. Qxc4 Qg6 29. Qd4 $11) 28. Kh2 Nf6 {[%emt 0:06:06] Against Ne4} 29. Kh1 Kh7 30. Kh2 Kh6 (30... Qxf5 {keeps more tension.} 31. Qxc4 Re6 32. Qb3 Bd6+) 31. Kh1 Bc5 32. Bxc5 Qxc5 33. Ne4 (33. Nd5 $5 Qf2 $8 (33... b5 $2 34. Qxa6 $18) 34. Nxf6 Re1+ 35. Rxe1 Qxe1+ 36. Kh2 Qe5+ 37. f4 Qxf4+ (37... Qxf6 38. Qxc4 Qxf5 39. fxg5+ Kxg5 40. Qc3 $11) 38. Kh1 Qf1+ 39. Kh2 Qf4+ $11) 33... Nxe4 (33... Qxf5 $2 34. Nd6 (34. Qxc4 Nxe4 35. fxe4 Rxe4 $17) (34. Nxf6 b5 $16) 34... Qe6 35. Nxe8 (35. Qxc4 Qxc4 36. Nxc4 b5 $17) 35... Nxe8 36. Qd7 $18) (33... Rxe4 $1 $11 {and Black is okay.} 34. fxe4 Nxe4) 34. Qxe8 $11 {[%emt 0:00:06][%cal Re8h8][%mdl 4096] [#] Endgame KQR-KQN} Ng3+ ({But not} 34... Nf2+ $2 35. Kh2 Qxf5 (35... Qc7+ $2 36. Kg1 $18) 36. Qh8+ Kg6 37. Rd6+ f6 38. Qe8+ Kh6 39. Qe6 $18) 35. Kh2 Nxf5 36. Qxf7 Qe5+ 37. Kg1 Qe3+ (37... b5 {was necessary.} 38. Qd5 (38. Qf8+ Kh5 $18) 38... Qe2) 38. Kh1 $18 {[%emt 0:00:07] Strongly threatening Qf6+.} Ng3+ $2 (38... Qe2) 39. Kh2 Qe5 {[%emt 0:00:10] Inhibits Rd6+.} 40. Qd5 Qe2 41. Qd7 (41. Qd6+ $142 Kh5 42. Qd7) 41... Nf1+ (41... Nf5 $142 42. Qd2 Qe5+ 43. Kg1 Kg6) 42. Kg1 {[%emt 0:00:10] Threatening mate with Rd6+.} Qe3+ 43. Kxf1 {[%emt 0:00:12] Weighted Error Value: White=0.29 (precise) /Black=0.97  Loses game:     	---       	Black=1      Mistake:       	White=3     	Black=3      Inaccurate:     	White=1     	Black=5      OK:         	White=14    	Black=9      Best:        	White=3     	Black=1      Strong:       	---       	Black=1} 1-0

[Event "Silves Open 2025"]
[Site "Fissul"]
[Date "2025.03.05"]
[Round "7.9"]
[White "Sarabando, Rodrigo Andias"]
[Black "Goncalves, Samuel Jesus P"]
[Result "1-0"]
[Annotator "TA"]
[ECO "A60"]
[WhiteElo "2097"]
[BlackElo "2280"]
[PlyCount "91"]
[EventDate "2025.03.03"]
[EventType "swiss"]
[EventCountry "POR"]
[SourceTitle "playchess.com"]
[Source "ChessBase"]
[SourceQuality "1"]
[TimeControl "5400+30"]

1. d4 Nf6 2. c4 e6 3. g3 c5 4. d5 exd5 5. cxd5 b5 6. Bg2 d6 7. e4 {[%emt 0:04:55] A60: Modern Benoni: Early Divergences.} g6 8. Qe2 Ba6 9. Na3 $146 (9. a3 $11 {remains equal.}) (9. f4 b4 10. Qc2 Bg7 11. e5 dxe5 12. Qxc5 Nbd7 13. Qxb4 Rc8 14. Be3 Ng4 15. Qa3 Nxe3 16. Qxe3 {0-1 Gleizerov,E (2575)-Lobron,E (2524) Bayern-chI Bank Hofmann 5th 2001 (5)}) 9... b4 10. Nc4 $1 Qe7 (10... Bg7 $15) 11. b3 (11. a3 $14) 11... Bg7 $17 12. Bb2 Nbd7 13. Rd1 O-O 14. f3 (14. Nh3 $17 {was necessary.}) 14... Nb6 $19 15. Nh3 Rad8 (15... Rae8 $19 16. Nf2 Nbxd5) 16. Rd2 {[%emt 0:26:27] [#]} Nfxd5 $2 17. Bxg7 $11 Rde8 $2 {[%emt 0:00:16][%mdl 8192] [#]} 18. Nxb6 $1 $18 Kxg7 (18... Bxe2 19. Nxd5) 19. Nxd5 Bxe2 20. Rxe2 $2 ({White must play} 20. Nxe7 $18 Bxf3 21. Bxf3 Rxe7 22. O-O (22. Rxd6 c4 $18)) 20... Qb7 $11 21. Ndf4 {[%emt 0:00:00] [#]} (21. Ne3 $11) 21... c4 $1 $17 22. bxc4 f5 {[%emt 0:00:05] Black is weak on the light squares} (22... Rc8 $17 23. O-O Rxc4) 23. Ng5 (23. O-O $11) 23... Qb6 $2 (23... Qc8 $15 24. O-O h6) 24. Nge6+ $18 {[%emt 0:00:00] A dynamic duo of knights.} Kh8 25. Bh3 $2 (25. Nd5 $18 Qa6 26. Nxf8) 25... Rf7 (25... fxe4 $5 26. Nxf8 Rxf8 27. Rxe4 Qa6 $11) 26. exf5 a5 (26... gxf5 $14 27. Kf1 Qc6) 27. Kf1 (27. fxg6 $16 hxg6 28. Nxg6+ Kg8 29. Ngf4) 27... gxf5 (27... Qc6 $1 $14) 28. Kg2 $16 b3 29. axb3 (29. Rb1 $1 $16 ) 29... a4 (29... Qxb3 $14 30. Ra1 a4) 30. Rc1 $2 ({Better is} 30. bxa4 $18 {aiming for Rd1.} Qb3 31. a5) 30... Qxb3 (30... axb3 $11 31. Rb1 Qb4) 31. Ra1 {[%emt 0:01:02] White is more active.} (31. c5 dxc5 (31... Rf6 $2 32. c6 $18) 32. Rxc5 a3 $15) (31. Rd2 $1 $14 {stays ahead.}) 31... Qxc4 ({Black should play} 31... a3 $1 $17) 32. Rea2 $2 (32. Raa2 $11 {and White has nothing to worry.}) 32... Rxe6 $19 33. Nxe6 Qxe6 34. Rxa4 Qe2+ 35. Kg1 f4 (35... Qxf3 36. Rf4 Qe3+ 37. Kh1) 36. Bg2 d5 37. gxf4 (37. Kh1 $142) 37... d4 38. R4a2 $2 {[%emt 0:00:19] Inhibits d3.} (38. Kh1) 38... Qe3+ 39. Kh1 Rc7 {[%emt 0:00:32] ( -> ...Rc1+)} (39... Qxf4 $2 40. Ra3 $19) 40. Bf1 d3 (40... Qxf4 41. Ra3 $19) 41. Rg2 {[%emt 0:00:22] [#] Ra8+ would kill now.} h5 $2 (41... Qxf3 42. Bxd3 Rc8 43. Bf1 $17) (41... Rc8 $1 $19 42. Raa2 Qxf3 (42... Qxf4 $2 43. Rgf2 $19)) 42. Ra8+ $1 $11 Kh7 43. Rd8 $1 {[%emt 0:00:02] The board is on fire.} Qc1 $2 {[%emt 0:01:01] [#]} (43... Qxf4 44. Bxd3+ (44. Rxd3 Rc1 $15)) (43... Rc3 $11 {and Black has nothing to worry.}) 44. Rg1 $1 $18 Qc6 $2 ({And not} 44... d2 45. Bd3+ Kh6 46. Rd6#) (44... Rc3 $18) 45. Bxd3+ Kh6 46. Rh8+ {[%emt 0:00:02] Weighted Error Value: White=0.68/Black=0.83  Loses game:     	White=1     	Black=4      Missed win:     	White=2     	Black=1      Mistake:       	White=9     	Black=9      Inaccurate:     	White=1     	Black=2      OK:         	White=4     	Black=9      Best:        	White=6     	Black=5      Strong:       	White=4     	---} 1-0

[Event "Silves Open 2025"]
[Site "Fissul"]
[Date "2025.03.05"]
[Round "7.10"]
[White "Santos, Joao Artur Almeida"]
[Black "Malassagne, Raphael"]
[Result "0-1"]
[Annotator "TA"]
[ECO "B10"]
[WhiteElo "1950"]
[BlackElo "2267"]
[PlyCount "85"]
[EventDate "2025.03.03"]
[EventType "swiss"]
[EventCountry "POR"]
[SourceTitle "playchess.com"]
[Source "ChessBase"]
[SourceQuality "1"]
[TimeControl "5400+30"]

1. e4 c6 2. Nf3 d5 3. d3 dxe4 4. dxe4 Qxd1+ 5. Kxd1 Nf6 6. Nfd2 {[%emt 0:00:09] B10: Caro-Kann: 2 d3 and 2 c4.} h5 7. h4 g6 8. f3 {[%emt 0:02:02] White is slightly better.} Bh6 9. Nc4 Bxc1 10. Kxc1 Be6 11. a4 Bxc4 12. Bxc4 Nbd7 13. Kd2 $146 (13. Nd2 e6 14. c3 Ke7 15. Kc2 Rad8 16. a5 a6 17. Be2 Ne5 18. Nb3 Nfd7 19. f4 {1-0 Raczek,K (2435)-Lukasiewicz,K (2322) POL-ch Rapid 2024 (8)}) 13... Ne5 14. Be2 {[%emt 0:00:54] Not much happening anymore} e6 15. Ke3 Ke7 (15... O-O-O {is interesting.} 16. Nd2 a5 17. g3 Kc7) 16. Nd2 Ne8 17. Nc4 Nxc4+ 18. Bxc4 Nd6 19. Bd3 a5 20. Ra3 Rhc8 21. Rd1 e5 22. Be2 Rd8 23. Rd2 Rd7 24. Ra1 Rad8 25. Rad1 $1 f5 $36 {[%emt 0:03:39][%mdl 2048] Black has good play.} 26. Bf1 $2 {[%emt 0:01:13] Black continues to play with concentration.} (26. Bd3 $1 $11) 26... f4+ $19 27. Ke2 {[%emt 0:00:05][%csl Of1] White has a bad bishop} Nc4 28. Rxd7+ Rxd7 29. Rxd7+ Kxd7 {[%emt 0:00:01][%mdl 4096] Endgame KB-KN} 30. b3 Ne3 31. c3 b5 {[%emt 0:02:20] Threatens to win with ...c5.} 32. g3 bxa4 33. Bh3+ Kd6 34. bxa4 {[%emt 0:01:40] [#]} Nc4 $1 35. g4 hxg4 36. fxg4 (36. Bxg4 {is the only way for White.} Nb2 37. Kd2) 36... Ke7 (36... Nb6 $2 37. Kd3 $19) 37. g5 (37. Kd3 $142 Nb2+ 38. Kc2 Nxa4 39. Bg2) 37... Nb2 38. Bc8 Nxa4 39. Bb7 Nxc3+ 40. Kd3 {[%emt 0:00:26] [#]} f3 $4 41. Ke3 $4 (41. Kxc3 $18 Kd6 42. Ba6) 41... a4 {[%emt 0:00:08] ( -> ...a3)} 42. h5 gxh5 43. Kd2 {[%emt 0:01:28] Weighted Error Value: White=0.75/Black=0.23 (precise)   Loses game:     	White=1     	---        Mistake:       	White=2     	---        Inaccurate:     	White=1     	---        OK:         	White=12    	Black=13     Best:        	White=3     	Black=3      Strong:       	White=1     	Black=1} 0-1

[Event "Silves Open 2025"]
[Site "Fissul"]
[Date "2025.03.05"]
[Round "7.11"]
[White "Ryabukhin, Roman"]
[Black "Boesel, Alexander"]
[Result "1-0"]
[Annotator "ChessBase"]
[ECO "B12"]
[WhiteElo "2209"]
[BlackElo "2046"]
[PlyCount "35"]
[EventDate "2025.03.03"]
[EventType "swiss"]
[EventCountry "POR"]
[SourceTitle "playchess.com"]
[Source "ChessBase"]
[SourceQuality "1"]
[TimeControl "5400+30"]

1. e4 c6 2. d4 d5 3. e5 c5 4. Nf3 cxd4 5. Qxd4 Nc6 6. Qf4 e6 7. Nc3 Nb4 8. Qd2 Ne7 9. a3 Nbc6 10. Bd3 Ng6 11. Bxg6 fxg6 12. O-O Bc5 13. Qf4 a6 14. b4 Be7 15. Be3 Rf8 16. Qg3 Kf7 17. Rad1 Qc7 18. Nxd5 1-0

[Event "Silves Open 2025"]
[Site "Fissul"]
[Date "2025.03.05"]
[Round "7.13"]
[White "Prata, Jose"]
[Black "Monteiro, Paulo Alexandre G"]
[Result "0-1"]
[Annotator "ChessBase"]
[ECO "C00"]
[WhiteElo "1839"]
[BlackElo "2221"]
[PlyCount "54"]
[EventDate "2025.03.03"]
[EventType "swiss"]
[EventCountry "POR"]
[SourceTitle "playchess.com"]
[Source "ChessBase"]
[SourceQuality "1"]
[TimeControl "5400+30"]

1. e4 e6 2. d3 d5 3. Nd2 Nf6 4. Ngf3 c5 5. g3 b6 6. Bg2 Bb7 7. e5 Nfd7 8. O-O Nc6 9. Re1 Be7 10. Qe2 Qc7 11. Nf1 h6 12. h4 O-O-O 13. Bf4 Rdg8 14. Qd2 Qd8 15. h5 g5 16. hxg6 fxg6 17. Bh3 Nf8 18. Bxh6 g5 19. Bxf8 Rxh3 20. Bxe7 Qxe7 21. Kg2 g4 22. N3h2 Qh7 23. Qf4 Rxh2+ 24. Nxh2 Qh3+ 25. Kg1 Rh8 26. Qxg4 Qxh2+ 27. Kf1 Nd4 0-1

[Event "Silves Open 2025"]
[Site "Fissul"]
[Date "2025.03.05"]
[Round "7.14"]
[White "Santos, Antonio P"]
[Black "Peixoto, Helio Ricardo Soutin"]
[Result "1-0"]
[Annotator "TA"]
[ECO "A57"]
[WhiteElo "2209"]
[BlackElo "1918"]
[PlyCount "67"]
[EventDate "2025.03.03"]
[EventType "swiss"]
[EventCountry "POR"]
[SourceTitle "playchess.com"]
[Source "ChessBase"]
[SourceQuality "1"]
[TimeControl "5400+30"]

1. d4 Nf6 2. c4 c5 3. d5 b5 4. cxb5 a6 5. e3 d6 6. Nc3 g6 7. a4 $1 {[%emt 0:00:38][%mdl 4] now scores much better than the old 7.Nf3. A57: Benko/Volga Gambit.} axb5 8. Bxb5+ Bd7 9. Bc4 {[%emt 0:01:20] White is better.} Bg7 10. h3 $146 (10. Nge2 O-O 11. O-O Na6 12. Bd2 Qb6 13. Bxa6 Rxa6 14. Qc2 Rb8 15. Nb5 Bxb5 16. axb5 Rxa1 17. Rxa1 Qxb5 {0-1 Simko,L (1716)-Losonczy,I (1876) Eger Tavasz op 2009 (3)}) 10... O-O 11. Nge2 Na6 12. O-O Nb4 13. e4 Ne8 (13... Be8 $142) 14. Be3 Nc7 15. Qd2 Qe8 16. b3 f5 17. Rac1 Qf7 18. exf5 Bxf5 19. Ng3 Bxc3 $2 {[%emt 0:05:09] Loses the game.} (19... Bc8 $16 {was necessary.} 20. Nge4 Bb7) 20. Rxc3 $18 (20. Qxc3 Na2 21. Nxf5 Qxf5 $16) 20... Ncxd5 21. Nxf5 Qxf5 22. Bh6 {[%emt 0:00:50][%cal Of1e1] [#] And now Re1! would win. A strong pair of Bishops.} Rf7 $2 (22... Rfe8 23. Re1 (23. Rf3 Qe5 $18) 23... Kh8) 23. Rf3 Qe5 24. Re1 Qd4 25. Qxd4 $2 (25. Qe2 {White threatens Qe6 and mate.} Qe5 26. Qd1 (26. Rxf7 Kxf7 27. Qd1 Qh5 $18)) 25... cxd4 26. Bd2 Rxf3 27. Bxb4 (27. gxf3 Kf8 $16) 27... e6 (27... Rf5) 28. Bxd5 {[%emt 0:00:39] White is clearly winning.} ({Less strong is} 28. gxf3 Nxb4 29. Bxe6+ (29. Rxe6 d5 $14) 29... Kg7 $16) (28. Bxd6 Rc3 $16) 28... exd5 29. gxf3 {[%emt 0:00:09] KRB-KR} Rb8 30. Bxd6 Rxb3 31. a5 d3 32. a6 {[%emt 0:00:45] [#]} Rb6 33. a7 Ra6 34. Re8+ {[%emt 0:00:10] Weighted Error Value: White=0.40/Black=1.14  Loses game:     	---       	Black=1      Mistake:       	---       	Black=3      Inaccurate:     	White=1     	---        OK:         	White=11    	Black=5      Best:        	White=2     	Black=1} 1-0

[Event "Silves Open 2025"]
[Site "Fissul"]
[Date "2025.03.05"]
[Round "7.15"]
[White "Santos, Jose P"]
[Black "Nguyen, Anh Khoi"]
[Result "0-1"]
[Annotator "TA"]
[ECO "C02"]
[WhiteElo "2273"]
[BlackElo "2520"]
[PlyCount "92"]
[EventDate "2025.03.03"]
[EventType "swiss"]
[EventCountry "POR"]
[SourceTitle "playchess.com"]
[Source "ChessBase"]
[SourceQuality "1"]
[TimeControl "5400+30"]

1. e4 e6 2. d4 d5 3. e5 c5 4. c3 Nc6 5. Nf3 Nge7 6. Be2 Nf5 7. dxc5 {[%emt 0:00:30] is more profitable than 7.0-0 at the moment.} Bxc5 8. b4 {[%emt 0:00:30] C02: French: Advance Variation.} Be7 9. O-O Qc7 $146 (9... O-O 10. Bd3 f6 11. Bf4 g5 12. b5 gxf4 13. bxc6 bxc6 14. Re1 fxe5 15. Nxe5 Bd6 {½-½ Payne,S (1888)-Gosling,B (1736) East Devon op 2009 (4)}) 10. Re1 (10. Bf4 $142) 10... Nh4 11. Bd3 {[%emt 0:00:30] [#] Black must now prevent Nxh4.} Ng6 12. Qe2 Bd7 13. Bb2 ({Better is} 13. Na3 $14) 13... Nf4 $11 14. Qe3 Nxd3 15. Qxd3 O-O 16. Na3 a6 17. Nc2 f5 18. Ncd4 Rac8 19. Rac1 Qb6 20. a3 Nxd4 21. Nxd4 Rc4 22. Rb1 Rfc8 23. Qe3 Qd8 24. Rbd1 Qe8 25. Qf3 Bd8 26. h3 Bb6 27. Qf4 a5 28. Rd3 axb4 29. cxb4 Qe7 30. Qe3 Qf7 (30... Rc2 {with more complications.} 31. Nxf5 exf5 32. Qxb6 Rxb2 33. Qxb7 Kf7) 31. Rdd1 Qe8 32. Qd3 Ba4 {[%emt 0:00:30][%cal Ob6d4] [#]} 33. Rc1 $2 {[%emt 0:00:30][%mdl 8192] This move loses the game for White.} (33. Rd2 $17) 33... Bxd4 $19 34. Rxc4 Bxb2 {[%emt 0:00:30] A strong pair of Bishops.} (34... dxc4 35. Qxd4 h6 36. Kh2 $17) 35. Rxc8 Qxc8 36. Qe2 Bc3 ({Less strong is} 36... Bxa3 37. Qa2 Bxb4 38. Rb1 $11) 37. Rc1 d4 {[%emt 0:00:30] Against Qe3} 38. Qd3 Qc6 39. Qg3 Qd5 40. Qg5 $2 (40. Rxc3 dxc3 41. Qxc3) 40... Bc6 41. b5 Bxb5 42. Rb1 Bc6 43. f3 d3 {[%emt 0:00:30][%cal Od3d2] and ...d2! would now be decisive} 44. Qe7 d2 45. Rd1 h6 (45... Bd4+ $142 46. Kh1 Qb3 (46... Bxe5 $2 47. Rxd2 Bf6 48. Rxd5 $19) (46... Qxe5 $2 47. Qb4 $19) 47. Rf1 d1=Q (47... d1=N $2 48. Qd8+ Kf7 49. Qxd4 $19) 48. Qxe6+ Qxe6 49. Rxd1 Qxe5 (49... Bxe5 $2 50. Kg1 $19) 50. a4 Bb6 (50... Bxa4 $2 51. Rf1 $19) 51. a5 Qe2 (51... Qxa5 $2 52. Kh2 $19) 52. Rb1 Bxf3 (52... Bxa5 {leads to mate.} 53. Ra1 Bc7 54. Kg1 Qe3+ 55. Kh1 Qe5 56. Ra8+ Kf7 57. Rf8+ Kxf8 58. g3 Qxg3 59. h4 Bxf3#) 53. gxf3 Qxf3+ 54. Kh2 Qf2+ (54... Bxa5 55. Kg1 Qe3+ 56. Kf1 Qd3+ 57. Kg2 Qxb1 58. Kf3 Qe4+ 59. Kg3 Bc7+ 60. Kf2 Bb6+ 61. Kg3 Bg1 62. h4 Qg4#) 55. Kh1 Bc7 56. Rxb7 Qh2#) 46. Qh4 Qd4+ {[%emt 0:00:30] Weighted Error Value: White=0.90/Black=0.30  Loses game:     	White=1     	---        Mistake:       	White=3     	---        Inaccurate:     	White=4     	Black=6      OK:         	White=5     	Black=12     Best:        	White=1     	Black=1} (46... Bd4+ $142 47. Kh2 Qxe5+ (47... Bxe5+ $2 48. Kh1 $19) 48. Qg3 Bxf3 (48... Qxg3+ $2 49. Kxg3 Bc3 50. Kf2 $19) 49. Rxd2 Bg1+ 50. Kxg1 Qxg3) 0-1

[Event "Silves Open 2025"]
[Site "Fissul"]
[Date "2025.03.05"]
[Round "7.16"]
[White "Dias, Ivo Rodrigues"]
[Black "Avelino, Camila Biscaya"]
[Result "1-0"]
[Annotator "NA RC"]
[ECO "D00"]
[WhiteElo "2097"]
[BlackElo "1906"]
[PlyCount "93"]
[EventDate "2025.03.03"]
[EventType "swiss"]
[EventCountry "POR"]
[SourceTitle "playchess.com"]
[Source "ChessBase"]
[SourceQuality "1"]
[TimeControl "5400+30"]

1. d4 d5 2. Bf4 Nf6 3. e3 c5 4. c3 Qb6 5. Qb3 Nc6 6. Nd2 g6 7. Qxb6 axb6 8. Bc7 Nd7 9. Bb5 Bg7 10. Ngf3 O-O 11. O-O Ncb8 12. Nb3 c4 13. Nbd2 Na6 14. Bg3 Nf6 15. e4 dxe4 16. Ng5 Bd7 17. Bxc4 b5 18. Bb3 Bf5 19. Rfe1 b4 20. Ngxe4 Rac8 21. Nxf6+ Bxf6 22. Rac1 bxc3 23. bxc3 Nc7 24. d5 Nb5 25. c4 Bb2 26. Rb1 Bc3 27. Rbd1 Na3 28. Rxe7 Bxd2 29. Rxd2 Nxc4 30. Rd1 Nb2 31. Rf1 Rcd8 32. d6 Rd7 33. Rfe1 Nd3 34. Rxd7 Bxd7 35. Re7 Bc6 36. d7 Rd8 37. Bxf7+ Kg7 38. Bc4+ Kf6 39. Rf7+ Kg5 40. Bxd3 Rxd7 41. Bf4+ Kh5 42. Be2+ Kh4 43. Bg3+ Kg5 44. h4+ Kh6 45. Bf4+ g5 46. hxg5+ Kg6 47. Rxd7 1-0

[Event "Silves Open 2025"]
[Site "Fissul"]
[Date "2025.03.05"]
[Round "7.17"]
[White "Albuquerque, Eduardo Ferreira"]
[Black "Esteves, Goncalo Maria Franco"]
[Result "1-0"]
[Annotator "NA RC"]
[ECO "A86"]
[WhiteElo "1897"]
[BlackElo "1962"]
[PlyCount "93"]
[EventDate "2025.03.03"]
[EventType "swiss"]
[EventCountry "POR"]
[SourceTitle "playchess.com"]
[Source "ChessBase"]
[SourceQuality "1"]
[TimeControl "5400+30"]

1. d4 f5 2. c4 Nf6 3. Nc3 g6 4. g3 Bg7 5. Bg2 O-O 6. Nh3 Nc6 7. d5 Ne5 8. Qb3 c5 9. O-O Rb8 10. a4 b6 11. Rd1 h6 12. Nf4 Qe8 13. h4 a6 14. e4 g5 15. hxg5 hxg5 16. Nh3 g4 17. Nf4 fxe4 18. Nxe4 Nxe4 19. Bxe4 e6 20. Kg2 Qf7 21. Qc2 Re8 22. Rh1 exd5 23. cxd5 Bb7 24. Bd2 c4 25. Bh7+ Kf8 26. Bb4+ Re7 27. Qf5 Ke8 28. Bxe7 Bxd5+ 29. Nxd5 Qxd5+ 30. Qe4 Qxe4+ 31. Bxe4 Kxe7 32. Rh7 Kf8 33. Rd1 b5 34. Rd6 a5 35. Rd5 d6 36. axb5 a4 37. Rh1 Ke7 38. Ra1 Nd7 39. Rxa4 Nc5 40. Ra7+ Ke6 41. Rxc5 dxc5 42. Rxg7 Rxb5 43. Rb7 Rb4 44. Rxb4 cxb4 45. f4 Kd6 46. Kf2 Kc5 47. Ke3 1-0

[Event "Silves Open 2025"]
[Site "Fissul"]
[Date "2025.03.05"]
[Round "7.18"]
[White "De Kruif, Kees"]
[Black "Sousa, Carlos Fantasia"]
[Result "0-1"]
[Annotator "NA RC"]
[ECO "A00"]
[WhiteElo "1857"]
[BlackElo "1752"]
[PlyCount "98"]
[EventDate "2025.03.03"]
[EventType "swiss"]
[EventCountry "POR"]
[SourceTitle "playchess.com"]
[Source "ChessBase"]
[SourceQuality "1"]
[TimeControl "5400+30"]

1. b4 Nf6 2. Bb2 d6 3. e3 c6 4. c4 a5 5. b5 c5 6. Qc2 b6 7. d4 Nbd7 8. Nf3 g6 9. d5 Bg7 10. Bd3 O-O 11. Nc3 Ng4 12. h3 Nge5 13. Be2 Qc7 14. O-O-O Bb7 15. Nxe5 Nxe5 16. f4 Nd7 17. h4 Nf6 18. h5 Bc8 19. Rh4 e5 20. g4 exf4 21. exf4 Qe7 22. Rdh1 Qe3+ 23. Qd2 Re8 24. Qxe3 Rxe3 25. Kd2 Rg3 26. hxg6 fxg6 27. g5 Nh5 28. Ne4 Bxb2 29. Nxg3 Nxg3 30. R1h2 Bf5 31. Rxh7 Bg7 32. R7h4 Re8 33. Bd3 Ne4+ 34. Kc2 Ng3 35. Bxf5 Nxf5 36. R4h3 Re1 37. Kd3 Rd1+ 38. Kc2 Rd4 39. Re2 Rxc4+ 40. Kd1 Kf7 41. Rd3 Rxf4 42. a3 c4 43. Rdd2 Bc3 44. Ra2 Nd4 45. Rf2 Rxf2 46. Rxf2+ Nf5 47. Kc2 Be5 48. a4 Ke7 49. Rf1 Ne3+ 0-1

[Event "Silves Open 2025"]
[Site "Fissul"]
[Date "2025.03.05"]
[Round "7.20"]
[White "Sanchez Guirado, Francisco"]
[Black "Ryabukhina, Veronika"]
[Result "0-1"]
[Annotator "TA"]
[ECO "A30"]
[WhiteElo "2286"]
[BlackElo "1880"]
[PlyCount "112"]
[EventDate "2025.03.03"]
[EventType "swiss"]
[EventCountry "POR"]
[SourceTitle "playchess.com"]
[Source "ChessBase"]
[SourceQuality "1"]
[TimeControl "5400+30"]

1. c4 e6 2. Nf3 d5 3. e3 Nf6 4. b3 Be7 5. Be2 O-O 6. O-O b6 7. Bb2 c5 8. d4 {[%emt 0:00:30] is the legacy move (8.cxd5).} Bb7 9. dxc5 {[%emt 0:00:30] A30: Symmetrical English: Double Fianchetto and Hedgehog.} Bxc5 10. a3 Qe7 11. Nc3 {[%emt 0:00:30][%cal Bb1c3,Bc3b5,Bb5d4,Bd4f5][%mdl 32] The position is equal.} (11. b4 $5 Bd6 $8 12. cxd5 $11) 11... Nbd7 $146 (11... Rd8 12. b4 dxc4 13. Qc2 Bd6 14. Nb5 a6 15. Nxd6 Rxd6 16. Qxc4 Rc6 17. Qb3 Nbd7 18. Rfc1 {½-½ Shvedchikov,A (2285)-Kurdakov,Y (2125) Moscow-ch final 2018 (5)}) 12. b4 Bd6 13. Nb5 Bb8 14. Nbd4 e5 15. Nf5 Qe6 16. Qb1 (16. Qc2 $11) 16... Ne4 (16... dxc4 17. Ng5 Qe8 18. Bxc4 $14) (16... g6 $1 $15 17. Nh6+ Kg7) 17. N3h4 (17. Ng3 $11 {keeps the balance.}) 17... dxc4 $17 {[%emt 0:00:30][%csl Oc4] Black has a queen side majority. Black has a strong passed pawn} 18. Qd1 Ndf6 $36 {[%emt 0:00:30][%mdl 2048] White is under strong pressure.} 19. f3 Nd6 20. e4 b5 21. Qd2 Nxf5 22. Nxf5 h6 23. g4 Nh7 (23... Bc7 $19 {has better winning chances.} 24. Kh1 Rfd8) 24. h4 (24. Rfd1 $142) 24... Bc7 25. Qc3 Rad8 26. Rad1 {[%emt 0:00:30] [#]} (26. a4 a6 27. Kh1) 26... f6 (26... h5 $1 $19 27. gxh5 Nf6) 27. Kg2 Rxd1 28. Rxd1 Rd8 29. Rxd8+ Bxd8 30. Bc1 Nf8 31. Be3 Bb6 32. Bd2 (32. Kf1 $17 {was necessary.}) 32... Qd7 33. g5 hxg5 34. hxg5 Kf7 (34... Bd4 $19 35. Qc1 fxg5) 35. gxf6 gxf6 (35... Kxf6 $17 36. a4 g6 (36... bxa4 37. Bxc4 Ne6 38. Qc1 $15)) 36. Qc1 (36. a4 $15) 36... Ke8 (36... Ne6 $19 {Strongly threatening ...Nd4.} 37. Qh1 Nd4 (37... Qxd2 38. Qh7+ Kf8 39. Qe7+ Kg8 40. Qxe6+ Kh8 41. Qxf6+ Kh7 42. Qg7#)) 37. Bh6 ({Better is} 37. Be3 $15) 37... Ne6 $19 38. Qh1 Kd8 39. Qh4 Qf7 40. Qg4 Kc7 {[%emt 0:00:30] Against Nd6} 41. a4 a6 42. a5 Ba7 43. Bd2 (43. Kf1 $142) 43... Bc8 44. Qg3 (44. Kf1 $142) 44... Nd4 45. Nxd4 Bxd4 46. f4 Bb7 47. Bf3 Bc6 48. f5 c3 49. Bc1 Qa2+ 50. Kh3 Qb1 51. Qg7+ Bd7 52. Bh6 c2 (52... Qxb4 53. Qxf6 c2 (53... Qxa5 $2 54. Bg5 $19) 54. Bg5 $19) 53. Qxf6 c1=Q 54. Bxc1 Qxc1 55. Qxa6 Bc6 56. Kg4 Qf4+ {[%emt 0:00:30] Weighted Error Value: White=0.54/Black=0.23 (precise)   Mistake:       	White=9     	Black=6      Inaccurate:     	White=3     	Black=1      OK:         	White=10    	Black=15     Best:        	---       	Black=3} 0-1